 Dungeon Crawl Stone Soup version 0.29.1-15-g9cfb28693d (webtiles) character file.

Game seed: 16658674688433954702

599 kingofthe the Conjurer (level 7, -5/36 HPs)
             Began as a Deep Elf Conjurer on Mar 6, 2023.
             Slain by Edmund
             ... wielding a +4 flail of protection
              (12 damage)
             ... on level 4 of the Dungeon.
             The game lasted 00:08:59 (3969 turns).

kingofthe the Conjurer (Deep Elf Conjurer)          Turns: 3969, Time: 00:09:00

Health: -5/36      AC: 15    Str:  4    XL:     7   Next: 17%
Magic:  5/18       EV: 13    Int: 23    God:
Gold:   182        SH:  0    Dex: 15    Spells: 11/18 levels left

rFire   . . .      SeeInvis .   s - +2 hammer (protect)
rCold   . . .      Faith    .   (no shield)
rNeg    . . .      Spirit   .   k - +0 robe
rPois   .          Reflect  .   (no helmet)
rElec   .          Harm     .   r - +0 cloak
rCorr   .          Rampage  .   w - +0 pair of gloves
Will    +....                   (no boots)
Stlth   ++........              (no amulet)
HPRegen 0.12/turn               W - ring of willpower
MPRegen 0.16/turn               T - +4 ring of protection

@: under a protective aura
A: no striking features
a: no special abilities


You were on level 4 of the Dungeon.
You visited 1 branch of the dungeon, and saw 4 of its levels.

You collected 182 gold pieces.


   Skills:
 - Level 4.0 Dodging
 - Level 3.0 Stealth
 + Level 6.1 Spellcasting
 + Level 6.3 Conjurations
 * Level 5.2 Hexes


You had 11 spell levels left.
You knew the following spells:

 Your Spells              Type           Power      Damage    Failure   Level
a - Magic Dart            Conj           100%       1d8       1%          1
b - Searing Ray           Conj           72%        2d7       1%          2
c - Fulminant Prism       Conj/Hex       16%        3d11      8%          4

Your spell library contained the following spells:

 Spells                   Type           Power      Damage    Failure   Level
 Dazzling Flash           Conj/Hex       66%        N/A       2%          3
 Iskenderun's Mystic Bla  Conj/Tloc      21%        2d6       22%         4

Inventory:

Hand Weapons
 a - a +3 sling
 b - a +0 vampiric short sword
 s - a +2 hammer of protection (weapon)
Armour
 k - a +0 robe (worn)
 r - a +0 cloak (worn)
 w - a +0 pair of gloves (worn)
Magical Staves
 o - a staff of poison {!a}
Jewellery
 F - a ring of fire
 L - a ring of flight
 T - a +4 ring of protection (right hand)
 W - a ring of willpower (left hand)
Scrolls
 c - a scroll of fear {unknown}
 f - a scroll of poison {unknown}
 i - 2 scrolls of enchant weapon {unknown}
 l - 5 scrolls of identify {unknown}
 n - 3 scrolls of enchant armour {unknown}
 u - 3 scrolls of teleportation {unknown}
 v - a scroll of vulnerability {unknown}
Potions
 d - 5 potions of attraction {unknown}
 e - 2 potions of haste {unknown}
 g - a potion of resistance {unknown}
 h - a potion of flight {unknown}
 j - 4 potions of curing {unknown}
 m - a potion of heal wounds {unknown}
 p - a potion of mutation {unknown}
 q - a potion of magic
 t - a potion of brilliance {unknown}
 x - a potion of berserk rage {unknown}

Dungeon Overview and Level Annotations

Branches:
Dungeon (4/15)             Temple (0/1) D:4

Altars:
Qazlal
Ru

Annotations:
D:4 Edmund

▒.⌠.▒ ▒...▒
####▒▒.▒▒#### #####
.............# #...#
########.###.##
###...###
##...#...###.......#
#..................#
##..@#...##.........
##@#######.##....#.
#.# #.##....#. #.#
#.###<#.#. ##'## #.#
#.#.#. #...#
#.###.#.#. #.....#
#......... #.......#
###.#.####
#.........####....##
+.........+........#


You could see Edmund.


Message History

The searing ray hits Edmund but does no damage.
Edmund is heavily wounded. (Press . to maintain the ray.) Edmund hits you with a +4 flail of protection!
* * * LOW HITPOINT WARNING * * *
The searing ray hits Edmund.
Edmund is heavily wounded.
Edmund hits you with a +4 flail of protection.
* * * LOW HITPOINT WARNING * * *
The searing ray hits Edmund but does no damage.
Edmund is heavily wounded.
Edmund hits you with a +4 flail of protection.
* * * LOW HITPOINT WARNING * * *
The searing ray hits Edmund!
Edmund is severely wounded.
You finish channelling your searing ray.
Edmund hits you with a +4 flail of protection.
* * * LOW HITPOINT WARNING * * *
You hit Edmund but do no damage.
Your weapon exudes an aura of protection.
Edmund is severely wounded.
Edmund completely misses you. Edmund closely misses you.
You hit Edmund but do no damage.
Edmund is severely wounded.
Edmund says, "People will remember me!
They'll remember me and die!"
Edmund closely misses you.
You barely miss Edmund.
Edmund is severely wounded.
Edmund hits you with a +4 flail of protection!
You die...

Skill      XL: |  1  2  3  4  5  6  7 |
---------------+----------------------+-----
Dodging        | 3 4 |  4.0
Stealth        | 3 |  3.0
Spellcasting   | 4 5 6 |  6.1
Conjurations   | 5 6 |  6.3
Hexes          | 2 4 5 |  5.2

Action                   |  1- 3 |  4- 6 |  7- 9 || total
-------------------------+-------+-------+-------++-------
Melee: Mace              |       |       |     3 ||     3
 Cast: Magic Dart        |    61 |    63 |       ||   124
       Searing Ray       |     4 |    17 |     5 ||    26
Armor: Robe              |       |     3 |     1 ||     4
Dodge: Dodged            |     2 |     4 |     7 ||    13

Levels and vault maps discovered:
D:1:      dpeg_arrival_solitude, layout_rooms, minmay_tiny_reverse_x
D:2:      layout_loops_ring, uniq_crazy_yiuf_cottage, uniq_terence
D:3:      layout_loops_cross, grunt_qazlal_sundering,
          dreamdust_ecumenical_altar_statues, minmay_randomly_rotated_circles
D:4:      layout_loops_corners, mainiacjoe_overflow_boulevard,
          minmay_temple_entry_antechambers, uniq_blork_the_orc, uniq_menkaure,
          uniq_edmund

Notes
Turn   | Place    | Note
-------+----------+-------------------------------------------
     0 | D:1      | kingofthe the Deep Elf Conjurer began the quest for the
                  | Orb.
     0 | D:1      | Reached XP level 1. HP: 10/10 MP: 6/6
   275 | D:1      | Reached XP level 2. HP: 15/15 MP: 1/8
   278 | D:1      | Learned a level 2 spell: Searing Ray
   467 | D:1      | You fall into a shaft and drop 1 floor!
   842 | D:2      | Reached skill level 3 in Dodging
   910 | D:2      | Found a runed translucent door.
   911 | D:2      | Noticed Crazy Yiuf
  1147 | D:2      | Reached XP level 3. HP: 19/19 MP: 8/10
  1364 | D:2      | Reached skill level 3 in Stealth
  1412 | D:2      | Noticed Terence
  1420 | D:2      | Killed Terence
  1421 | D:2      | Reached skill level 4 in Spellcasting
  1421 | D:2      | Reached skill level 5 in Conjurations
  1421 | D:2      | Reached XP level 4. HP: 24/24 MP: 1/12
  1850 | D:2      | Killed Crazy Yiuf
  1900 | D:3      | Reached skill level 4 in Dodging
  1900 | D:3      | Reached XP level 5. HP: 28/28 MP: 6/13
  1908 | D:3      | Learned a level 4 spell: Fulminant Prism
  2112 | D:3      | Reached skill level 1 in Hexes
  2126 | D:3      | Reached skill level 5 in Spellcasting
  2187 | D:3      | Reached skill level 2 in Hexes
  2294 | D:3      | Found a faded altar of an unknown god.
  2798 | D:3      | Reached XP level 6. HP: 32/32 MP: 11/15
  2987 | D:3      | Found a stormy altar of Qazlal.
  3033 | D:3      | Reached skill level 3 in Hexes
  3211 | D:4      | Noticed Edmund
  3261 | D:4      | Noticed Menkaure
  3273 | D:4      | Killed Menkaure
  3274 | D:4      | Reached skill level 6 in Conjurations
  3274 | D:4      | Reached skill level 4 in Hexes
  3521 | D:4      | Reached XP level 7. HP: 36/36 MP: 10/17
  3572 | D:4      | Noticed Blork the orc
  3578 | D:4      | Killed Blork the orc
  3579 | D:4      | Reached skill level 6 in Spellcasting
  3579 | D:4      | Reached skill level 5 in Hexes
  3660 | D:4      | Found a sacrificial altar of Ru.
  3925 | D:4      | Found a staircase to the Ecumenical Temple.
  3969 | D:4      | Slain by Edmund

Vanquished Creatures
  Menkaure (D:4)
  Blork the orc (D:4)
  A scorpion (D:4)
  A necrophage (D:3)
  A jelly (D:3)
  2 hounds
  2 orc priests (D:3)
  Crazy Yiuf (D:2)
  Terence (D:2)
  3 adders
  A worm (D:3)
  A dart slug (D:2)
  9 orcs (D:3)
  6 ball pythons (D:3)
  3 endoplasms
  2 giant cockroaches
  5 goblins
  6 hobgoblins
  9 jackals
  3 quokkas
  4 bats
  3 frilled lizards
  4 kobolds
  7 rats
77 creatures vanquished.

Table legend: (Time is in decaauts)
 A = Elapsed time spent in this place.
 B = Non-inter-level travel time spent in this place.
 C = Inter-level travel time spent in this place.
 D = Time resting spent in this place.
 E = Time spent auto-exploring this place.
 F = Levels seen in this place.
 G = Mean time per level.
                   A        B        C        D        E       F      G
               +--------+--------+--------+--------+--------+-----+--------+
         Total |   3965 |   3895 |     70 |    123 |   3329 |   4 |  991.2 |
       Dungeon |   3965 |   3895 |     70 |    123 |   3329 |   4 |  991.2 |
               +--------+--------+--------+--------+--------+-----+--------+

Top non-repeatable levels by time:
     D:3: 1311 daAuts
     D:2: 1223 daAuts
     D:4: 762 daAuts
     D:1: 669 daAuts

Table legend:
 A = Non-vault XP
 B = Vault XP
 C = Vault XP percentage of total XP
 D = Non-vault monster count
 E = Vault monster count
 F = Vault count percentage of total count
                 A         B        C        D         E       F
            +---------+---------+-------+---------+---------+-------
      Total |     511 |     345 |  40.3 |      65 |      12 |  15.6
            +---------+---------+-------+---------+---------+-------
        D:1 |      14 |       3 |  17.6 |       8 |       2 |  20.0
        D:2 |      65 |      76 |  53.9 |      24 |       2 |   7.7
        D:3 |     319 |      13 |   3.9 |      30 |       6 |  16.7
        D:4 |     113 |     253 |  69.1 |       3 |       2 |  40.0
            +---------+---------+-------+---------+---------+-------
